 Dungeon Crawl Stone Soup version 0.19-a0-1007-g133f65f (webtiles) character file.

2900 poirepourri the Thaumaturge (level 9, -1/45 HPs)
             Began as a Deep Elf Conjurer on July 21, 2016.
             Was a Believer of Vehumet.
             Slain by a six-headed hydra (15 damage)
             ... on level 7 of the Dungeon.
             The game lasted 00:14:52 (9932 turns).

poirepourri the Thaumaturge (Deep Elf Conjurer)     Turns: 9932, Time: 00:14:53

Health: -1/45      AC:  6    Str:  5    XL:     9   Next: 49%
Magic:  14/28      EV: 14    Int: 24    God:    Vehumet [**....]
Gold:   173        SH:  0    Dex: 15    Spells: 8 memorised, 14 levels left

rFire  x . .     SeeInvis .     l - +4 short sword
rCold  + . .     Gourm    +     a - +2 robe
rNeg   . . .     Faith    .     (no shield)
rPois  .         Spirit   .     s - +1 helmet
rElec  .         Dismiss  .     (no cloak)
rCorr  .         Reflect  .     (no gloves)
SustAt .         Harm     .     (no boots)
MR     .....                    p - amulet of the gourmand
Stlth  +++.......               q - ring of ice
                                i - ring of stealth

@: very slightly contaminated, not resistant to hostile enchantments, fairly
stealthy
A: no striking features
a: Renounce Religion


You were on level 7 of the Dungeon.
You worshipped Vehumet.
Vehumet was pleased with you.
You were not hungry.

You visited 2 branches of the dungeon, and saw 8 of its levels.

You collected 173 gold pieces.

Inventory:

Hand Weapons
 l - a +4 short sword (weapon)
Armour
 a - a +2 robe (worn)
 s - a +1 helmet (worn)
Jewellery
 h - an uncursed ring of positive energy {unknown}
 i - a ring of stealth (left hand)
 p - an amulet of the gourmand (around neck)
 q - a ring of ice (right hand)
 t - an uncursed ring of flight
Scrolls
 g - a scroll of magic mapping
 m - 2 scrolls of remove curse
 r - a scroll of recharging
Potions
 c - a potion of flight
 e - 3 potions of curing
 f - a potion of heal wounds
 k - a potion of cancellation
 n - a potion of lignification {unknown}
 o - 3 potions of agility
 v - a potion of mutation {unknown}
Books
 b - a book of Conjurations

   Spells                             Type                      Level
   a - Magic Dart                     Conjuration                  1
   b - Searing Ray                    Conjuration                  2
   c - Dazzling Spray                 Conjuration/Hexes            3
   d - Fulminant Prism                Conjuration/Hexes            4
   e - Iskenderun's Mystic Blast      Conjuration                  4
   f - Iskenderun's Battlesphere      Conjuration/Charms           5


   Skills:
 + Level 3.5 Dodging
 - Level 2.4 Stealth
 * Level 13.5 Spellcasting
 + Level 9.3 Conjurations
 + Level 1.0 Hexes


You had 14 spell levels left.
You knew the following spells:

 Your Spells              Type           Power        Failure   Level  Hunger
a - Magic Dart            Conj           ####         1%          1    None
b - Searing Ray           Conj           ######       1%          2    None
c - Dazzling Spray        Conj/Hex       #####.       1%          3    None
d - Fulminant Prism       Conj/Hex       #####.....   4%          4    None
e - Iskenderun's Mystic   Conj           ######..     1%          4    None
f - Iskenderun's Battles  Conj/Chrm      #####...     17%         5    ###....
g - Flame Tongue          Conj/Fire      #####        1%          1    None
h - Shock                 Conj/Air       ####         1%          1    None


Dungeon Overview and Level Annotations

Branches:
Dungeon (7/15)             Temple (1/1) D:4

Altars:
Ashenzari
Cheibriados
Fedhas
Gozag
Hepliaklqana
Kikubaaqudgha
Makhleb
Nemelex Xobeh
Okawaru
Pakellas
Qazlal
Ru
Sif Muna
Trog
Vehumet
Yredelemnul
The Shining One


Message History

The six-headed hydra is almost dead.
Your battlesphere expends the last of its energy and dissipates.
Unknown command.
Casting: Magic Dart
Confirm with . or Enter, or press ? or * to list all spells.
Aiming: Magic Dart
Press: ? - help, Shift-Dir - straight line, f/p - six-headed hydra
Aim: a six-headed hydra (almost dead)
The magic dart hits the six-headed hydra.
The six-headed hydra is almost dead.
Unknown command.
Casting: Magic Dart
Confirm with . or Enter, or press ? or * to list all spells.
Aiming: Magic Dart
Press: ? - help, Shift-Dir - straight line, f/p - six-headed hydra
Aim: a six-headed hydra (almost dead)
The magic dart hits the six-headed hydra.
The six-headed hydra is almost dead.
The six-headed hydra bites you! x4
You die...

,,,,....)..* #......#.#....#
,,,,...####* #......#......#
,,,,...**########'#######.##
,,,,,,,,,......*#.#...# #[#
,,,,,,,,,......##.#.#.# #.#
,,,,,,,,,.............###.#
,,,,,,,,,...............#.#
,,,,,,,,,..............†#.#
,*****,,,.......@.........#
,* **,,......D§.......### ,*
*,,...............# ,*
*,,...............# ,*
*,,.......###....## ,*
*,,.......**#....# ,*
*,,...?...+...#### ,*
*,,.......*#### **
*,,,,,,,,,*


You could see a six-headed hydra.

Vanquished Creatures
  The ghost of epen the Changer, a novice DrTm of Okawaru (D:5)
  Prince Ribbit (D:5)
  Eustachio (D:6)
  A hippogriff (D:7)
  Menkaure (D:4)
  Duvessa (D:7)
  A phantom (D:4)
  A centaur (D:4)
  3 ogres
  Blork the orc (D:6)
  A giant frog (D:6)
  Dowan (D:7)
  2 scorpions (D:5)
  3 wights (D:7)
  2 howler monkeys (D:4)
  A crimson imp (D:5)
  A hound (D:6)
  2 giant frog zombies (D:6)
  2 jellies
  2 giant frog skeletons (D:6)
  An orc priest (D:5)
  3 centaur skeletons
  A gnoll shaman (D:4)
  6 iguanas
  Natasha (twice) (D:3)
  7 worker ants
  A hound zombie (D:7)
  A worker ant zombie (D:5)
  7 gnolls
  3 adders
  A shadow imp (D:4)
  2 oozes
  3 adder skeletons
  A worm (D:2)
  2 dart slugs
  A giant gecko (D:6)
  18 orcs
  12 giant cockroaches
  5 goblins
  11 hobgoblins
  17 jackals
  9 kobolds
  4 quokkas
  4 ball pythons
  11 bats
  A giant cockroach zombie (D:5)
  2 giant newts
  A jackal skeleton (D:4)
  A jackal zombie (D:7)
  A quokka skeleton (D:4)
  3 rats
171 creatures vanquished.

Notes
Turn   | Place    | Note
-------+----------+-------------------------------------------
     0 | D:1      | poirepourri the Deep Elf Conjurer began the quest for the Orb.
     0 | D:1      | Reached XP level 1. HP: 10/10 MP: 6/6
   311 | D:1      | Reached XP level 2. HP: 15/15 MP: 2/8
   556 | D:1      | Reached skill level 5 in Conjurations
   937 | D:2      | Reached XP level 3. HP: 19/19 MP: 5/10
  1367 | D:2      | Reached skill level 4 in Spellcasting
  1860 | D:2      | Learned a level 2 spell: Searing Ray
  1864 | D:2      | Learned a level 3 spell: Dazzling Spray
  2125 | D:3      | Reached XP level 4. HP: 24/24 MP: 9/12
  2693 | D:3      | Noticed Natasha
  2698 | D:3      | Killed Natasha
  3036 | D:3      | Learned a level 4 spell: Fulminant Prism
  3370 | D:3      | Noticed Natasha
  3373 | D:3      | Killed Natasha
  3373 | D:3      | Reached skill level 5 in Spellcasting
  3373 | D:3      | Reached XP level 5. HP: 28/28 MP: 9/14
  3444 | D:4      | Noticed an ogre
  3451 | D:4      | Killed an ogre
  3451 | D:4      | Reached skill level 6 in Spellcasting
  3651 | D:4      | Noticed a phantom
  3663 | D:4      | Killed a phantom
  3663 | D:4      | Reached XP level 6. HP: 28/32 MP: 6/17
  3764 | D:4      | Reached skill level 7 in Spellcasting
  4427 | D:4      | Reached XP level 7. HP: 36/36 MP: 6/20
  4515 | D:4      | Found a staircase to the Ecumenical Temple.
  4596 | Temple   | Entered the Ecumenical Temple
  4864 | Temple   | Became a worshipper of Vehumet
  4902 | D:4      | Reached skill level 8 in Spellcasting
  4941 | D:4      | Found a sparkling altar of Nemelex Xobeh.
  5021 | D:4      | Noticed Menkaure
  5025 | D:4      | Killed Menkaure
  5285 | D:4      | Found an ancient bone altar of Kikubaaqudgha.
  5285 | D:4      | Found a blossoming altar of Fedhas.
  5286 | D:4      | Found an oddly glowing altar of Pakellas.
  5328 | D:4      | Reached skill level 9 in Spellcasting
  5785 | D:5      | Entered Level 5 of the Dungeon
  5886 | D:5      | Reached XP level 8. HP: 41/41 MP: 11/23
  6147 | D:5      | Reached skill level 10 in Spellcasting
  6376 | D:5      | Noticed epen's ghost (novice DrTm)
  6391 | D:5      | Killed epen's ghost
  6532 | D:5      | Learned a level 4 spell: Iskenderun's Mystic Blast
  6538 | D:5      | Learned a level 5 spell: Iskenderun's Battlesphere
  6641 | D:5      | Reached skill level 11 in Spellcasting
  6660 | D:5      | Reached * piety under Vehumet
  6660 | D:5      | Offered knowledge of Flame Tongue by Vehumet.
  6671 | D:5      | Noticed Prince Ribbit
  6676 | D:5      | Killed Prince Ribbit
  6980 | D:6      | Learned a level 1 spell: Flame Tongue
  7440 | D:6      | Noticed Blork the orc
  7462 | D:6      | Killed Blork the orc
  7462 | D:6      | Reached skill level 12 in Spellcasting
  7697 | D:6      | Noticed Eustachio
  7709 | D:6      | Killed Eustachio
  7709 | D:6      | Reached skill level 1 in Hexes
  7709 | D:6      | Reached XP level 9. HP: 37/45 MP: 12/27
  8930 | D:7      | Reached skill level 13 in Spellcasting
  9256 | D:7      | Noticed Dowan
  9259 | D:7      | Noticed Duvessa
  9278 | D:7      | Killed Duvessa
  9278 | D:7      | Offered knowledge of Shock by Vehumet.
  9279 | D:7      | Killed Dowan
  9279 | D:7      | Reached ** piety under Vehumet
  9406 | D:7      | Learned a level 1 spell: Shock
  9429 | D:7      | Noticed a six-headed hydra
  9932 | D:7      | Slain by a six-headed hydra

Vault maps used:
D:1:      saegor_arrival_miasma, hex_tiny
D:2:      first_bread, kennysheep_generic_room_13
D:3:      minmay_misc_feat_hallway, uniq_natasha
D:4:      nicolae_overflow_crystal_walls, nicolae_overflow_hidden_temple,
          uniq_menkaure
D:5:      uniq_prince_ribbit1
D:6:      uniq_eustachio, uniq_blork_the_orc
D:7:      uniq_duvessa, uniq_pikel
Temple:   oiseaux_autumnal_temple

Skill      XL: |  1  2  3  4  5  6  7  8  9 |
---------------+----------------------------+-----
Conjurations   | 5 6 7 8 9 |  9.3
Spellcasting   | 4 5 6 7 9 12 13 | 13.5
Hexes          | 1 |  1.0
Dodging        | 3 |  3.5
Stealth        | |  2.4

Action                   |  1- 3 |  4- 6 |  7- 9 || total
-------------------------+-------+-------+-------++-------
Melee: Short sword       |     2 |     2 |       ||     4
 Cast: Magic Dart        |    90 |   109 |   225 ||   424
       Searing Ray       |       |     8 |    41 ||    49
       Dazzling Spray    |       |       |    13 ||    13
       Flame Tongue      |       |       |     2 ||     2
       Shock             |       |       |     1 ||     1
       Iskenderun's Batt |       |       |     1 ||     1
  Use: Scroll            |     3 |       |    19 ||    22
       Potion            |       |       |     7 ||     7
  Eat: Bread ration      |     1 |     1 |       ||     2
       Pizza             |       |     2 |       ||     2
       Beef jerky        |       |     2 |     1 ||     3
       Meat ration       |       |       |     2 ||     2
       Chunk             |       |       |     2 ||     2
Armor: Robe              |     1 |     4 |    32 ||    37
Dodge: Dodged            |     4 |    26 |    84 ||   114
